 Dungeon Crawl Stone Soup version 0.30-a0-1163-gf69bf04e7a (webtiles) character file.

Game seed: 2453707922280750651

58 Mickster the Chopper (level 4, -6/40 HPs)
             Began as a Hill Orc Berserker on Apr 28, 2023.
             Was a Believer of Trog.
             Killed by nerve-wracking pain
             ... invoked by Grinder
              (10 damage)
             ... while paralysed by Grinder
             ... on level 3 of the Dungeon.
             The game lasted 00:14:17 (1529 turns).

Mickster the Chopper (Hill Orc Berserker)           Turns: 1529, Time: 00:14:18

Health: -6/40      AC:  7    Str: 21    XL:     4   Next: 1%
Magic:  4/4        EV:  2    Int:  7    God:    Trog [**....]
Gold:   167        SH:  0    Dex: 10    Spells: 3/3 levels left

rFire   . . .        a - +2 hand axe
rCold   . . .        (no shield)
rNeg    . . .        c - +0 ring mail
rPois   .            b - +1 helmet
rElec   .            (no cloak)
rCorr   .            (no gloves)
SInv    .            (no boots)
Will    .....        i - amulet of reflection Stlth
                     l - ring of flight
HPRegen 0.26/turn    (no ring)
MPRegen 0.09/turn

%: reflection
@: paralysed, mighty, on berserk cooldown, flying, slowed
A: no striking features
a: Renounce Religion, Berserk, Trog's Hand


You were on level 3 of the Dungeon.
You worshipped Trog.
Trog was pleased with you.
You visited 1 branch of the dungeon, and saw 3 of its levels.

You collected 167 gold pieces.

Inventory:

Hand Weapons
 a - a +2 hand axe (weapon)
 f - a +0 rapier
 k - a +0 sling
 n - a +1 whip of distortion
Missiles
 e - 3 curare-tipped darts
 g - 23 stones
 j - 8 poisoned darts (quivered)
Armour
 b - a +1 helmet (worn)
 c - a +0 ring mail (worn)
Jewellery
 i - an amulet of reflection (around neck)
 l - a ring of flight (left hand)
Potions
 d - 2 potions of curing
 h - 2 potions of magic


   Skills:
 + Level 4.2 Fighting
 + Level 5.0 Axes
 + Level 2.8 Armour
 + Level 1.9 Dodging


You had 3 spell levels left.
You didn't know any spells.
Your spell library was empty.

Dungeon Overview and Level Annotations

Branches:
Dungeon (3/15)

Altars:

Annotations:
D:3 Grinder


Message History

Grinder gestures at you.
You suddenly lose the ability to move!
Grinder gestures at you. Pain shoots through your body!
You can move again.
Grinder gestures at you. Pain shoots through your body!
Grinder closely misses you.
You closely miss Grinder. Your punch misses Grinder.
Grinder is moderately wounded.
Grinder gestures at you. Pain shoots through your body!
Grinder closely misses you.
You hit Grinder.
Grinder is heavily wounded.
Grinder barely misses you.
You hit Grinder.
Grinder is heavily wounded.
Grinder blinks!
You feel very mighty all of a sudden. Grinder gestures at you.
You barely resist. You slash Grinder!
Grinder is severely wounded.
Grinder hits you.
You writhe in agony.
You closely miss Grinder.
Grinder is severely wounded.
Grinder hits you but does no damage. Grinder misses you.
You completely miss Grinder.
Grinder is severely wounded.
Grinder hits you but does no damage. Grinder gestures at you.
You suddenly lose the ability to move!
Grinder gestures at you. Pain shoots through your body!
* * * LOW HITPOINT WARNING * * *
Grinder rolls her eyes.
Grinder hits you but does no damage. Grinder gestures at you.
Pain shoots through your body!
You die...

#.# #########
#.###### ........#
#.#....#
.....)..###.#....####
........'...'....'†>#
........#####....##.#
........#
#....##+####
........#
#..........#
#########
#...@5.....#
###.........
#......... #.........
#........# .........#
.........# #####
..........# ....#


You could see Grinder.

Vanquished Creatures
  2 adders
  A dart slug (D:3)
  3 orcs (D:3)
  A ball python (D:3)
  3 bats (D:3)
  3 endoplasms
  A giant cockroach (D:1)
  2 goblins (D:1)
  7 hobgoblins
  2 quokkas (D:1)
  2 frilled lizards (D:1)
  3 kobolds (D:1)
  2 rats
32 creatures vanquished.

Notes
Turn   | Place    | Note
-------+----------+-------------------------------------------
     0 | D:1      | Mickster the Hill Orc Berserker began the quest for the
                  | Orb.
     0 | D:1      | Reached XP level 1. HP: 19/19 MP: 1/1
   136 | D:1      | Reached XP level 2. HP: 27/27 MP: 2/2
   650 | D:2      | Reached XP level 3. HP: 33/33 MP: 3/3
  1165 | D:3      | Reached ** piety under Trog
  1245 | D:3      | Reached skill level 5 in Axes
  1489 | D:3      | Noticed Grinder
  1499 | D:3      | Reached XP level 4. HP: 40/40 MP: 4/4
  1514 | D:3      | Paralysed by Grinder for 3 turns
  1526 | D:3      | Paralysed by Grinder for 5 turns
  1529 | D:3      | Killed from afar by Grinder

Illustrated notes

Levels and vault maps discovered:
D:1:      sevenhm_arrival_forest_fort_large_2, layout_basic, minmay_hexomino_c4
D:2:      layout_loops_ring
D:3:      layout_basic, trog_hazing_becter,
          nicolae_overflow_hallway_of_the_gods, uniq_grinder, uniq_jessica

Skill      XL: |  1  2  3 |
---------------+----------+-----
Fighting       | 4 |  4.2
Axes           | 5 |  5.0
Armour         | |  2.8
Dodging        | |  1.9

Action                     |  1- 3 |  4- 6 || total
---------------------------+-------+-------++-------
  Melee: Hand axe          |    81 |    14 ||    95
         Punch             |     1 |       ||     1
 Invoke: Berserk           |     3 |       ||     3
         Trog's Hand       |     1 |       ||     1
    Use: Scroll            |     9 |       ||     9
         Potion            |     4 |     1 ||     5
 Armour: Ring mail         |    31 |     4 ||    35
  Dodge: Dodged            |    52 |     8 ||    60
  Block: Other             |    12 |     2 ||    14

Table legend: (Time is in decaauts)
 A = Elapsed time spent in this place.
 B = Non-inter-level travel time spent in this place.
 C = Inter-level travel time spent in this place.
 D = Time resting spent in this place.
 E = Time spent auto-exploring this place.
 F = Levels seen in this place.
 G = Mean time per level.
                   A        B        C        D        E       F      G
               +--------+--------+--------+--------+--------+-----+--------+
         Total |   1546 |   1460 |     86 |     40 |      0 |   3 |  515.3 |
       Dungeon |   1546 |   1460 |     86 |     40 |      0 |   3 |  515.3 |
               +--------+--------+--------+--------+--------+-----+--------+

Top non-repeatable levels by time:
     D:1: 649 daAuts
     D:3: 475 daAuts
     D:2: 421 daAuts
